 Dungeon Crawl Stone Soup version 0.29-a0-330-g52719c12eb (webtiles) character file.

Game seed: 11332222280685216371

254092 HoaS the Sniper (level 20, -10/144 HPs)
             Began as a Kobold Hunter on May 20, 2022.
             Was the Champion of Makhleb.
             Mangled by a +0 halberd of freezing (12 damage)
             ... animated by Zenata
             ... on level 2 of the Vaults.
             The game lasted 01:34:00 (42251 turns).

HoaS the Sniper (Kobold Hunter)                    Turns: 42251, Time: 01:34:00

Health: -10/144    AC: 18    Str:  8    XL:     20   Next: 54%
Magic:  20/20      EV: 50    Int: 11    God:    Makhleb [******]
Gold:   865        SH:  0    Dex: 39    Spells: 19/19 levels left

rFire   . . .      SeeInvis .   r - +4 triple crossbow (vorpal)
rCold   . . .      Faith    .   (shield currently unavailable)
rNeg    . . .      Spirit   .   w - +4 steam dragon scales
rPois   .          Reflect  .   G - +0 helmet
rElec   .          Harm     .   k - +2 cloak
rCorr   .          Rampage  .   e - +0 pair of gloves
Will    +....                   y - +0 pair of boots {Stlth+}
Stlth   ++++++....              O - amulet of the acrobat
HPRegen 0.34/turn               a - +6 ring of dexterity
MPRegen 0.17/turn               S - +6 ring of dexterity

@: about to teleport, hasted, very quick
A: small, no large weapons, nightstalker 3
}: 2/15 runes: decaying, gossamer
a: Renounce Religion, Minor Destruction, Lesser Servant of Makhleb, Major
Destruction, Greater Servant of Makhleb


You were on level 2 of the Vaults.
You worshipped Makhleb.
Makhleb was exalted by your worship.
You visited 7 branches of the dungeon, and saw 34 of its levels.

You collected 3289 gold pieces.
You spent 2424 gold pieces at shops.

Inventory:

Hand Weapons
 r - a +4 vorpal triple crossbow (weapon)
Missiles
 o - 4 throwing nets
Armour
 e - a +0 pair of gloves (worn)
 k - a +2 cloak (worn)
 w - +4 steam dragon scales (worn)
 y - a +0 pair of boots of stealth (worn)
 G - a +0 helmet (worn)
Jewellery
 a - a +6 ring of dexterity (left hand)
 h - a ring of protection from cold
 l - a ring of fire
 u - a +4 ring of protection
 z - an amulet of faith
 C - a ring of protection from cold
 D - a ring of see invisible
 O - an amulet of the acrobat (around neck)
 S - a +6 ring of dexterity (right hand)
Wands
 p - a wand of mindburst (11)
 H - a wand of acid (27)
 J - a wand of digging (9)
Scrolls
 c - 7 scrolls of immolation
 i - 3 scrolls of summoning
 n - 8 scrolls of teleportation
 s - a scroll of brand weapon
 v - 2 scrolls of silence
 A - 4 scrolls of fog
 F - 6 scrolls of blinking
 K - 13 scrolls of identify
 M - 2 scrolls of magic mapping
 N - 3 scrolls of holy word
 P - 3 scrolls of fear
Potions
 b - 2 potions of invisibility
 d - a potion of haste
 f - 8 potions of ambrosia
 g - 3 potions of cancellation
 j - a potion of curing
 m - 10 potions of lignification
 q - 7 potions of attraction
 t - 6 potions of might
 x - 7 potions of mutation
 B - 4 potions of resistance
 Q - 2 potions of flight


   Skills:
 + Level 21.2 Fighting
 - Level 26.0 Crossbows
 - Level 9.0 Armour
 + Level 21.4 Dodging
 - Level 5.0 Stealth


You had 19 spell levels left.
You didn't know any spells.
Your spell library contained the following spells:

 Spells                   Type           Power      Damage    Failure   Level
 Ensorcelled Hibernation  Hex/Ice        0%         N/A       47%         2
 Passwall                 Tmut/Erth      0%         N/A       47%         2
 Poisonous Vapours        Pois/Air       0%         N/A       47%         2
 Static Discharge         Conj/Air       0%         N/A       47%         2
 Call Canine Familiar     Summ           0%         N/A       71%         3
 Ignite Poison            Fire/Tmut/Pois 0%         N/A       71%         3
 Mephitic Cloud           Conj/Pois/Air  0%         N/A       71%         3
 Portal Projectile        Hex/Tloc       0%         N/A       71%         3
 Swiftness                Air            0%         N/A       71%         3
 Tukima's Dance           Hex            0%         N/A       71%         3
 Airstrike                Air            0%         N/A       98%         4
 Anguish                  Hex/Necr       0%         N/A       98%         4
 Animate Dead             Necr           0%         N/A       98%         4
 Cause Fear               Hex            0%         N/A       98%         4
 Leda's Liquefaction      Hex/Erth       0%         N/A       98%         4
 Petrify                  Tmut/Erth      0%         N/A       98%         4
 Summon Ice Beast         Ice/Summ       0%         N/A       98%         4
 Summon Lightning Spire   Summ/Air       0%         N/A       98%         4
 Borgnjor's Vile Clutch   Necr/Erth      0%         N/A       100%        5
 Freezing Cloud           Conj/Ice/Air   0%         6-21      100%        5
 Lightning Bolt           Conj/Air       0%         1d11      100%        5
 Metabolic Englaciation   Hex/Ice        0%         N/A       100%        5
 Summon Mana Viper        Hex/Summ       0%         N/A       100%        5
 Death Channel            Necr           0%         N/A       100%        6
 Statue Form              Tmut/Erth      0%         N/A       100%        6
 Dragon Form              Tmut           0%         N/A       100%        7
 Enfeeble                 Hex            0%         N/A       100%        7
 Malign Gateway           Summ/Tloc      0%         N/A       100%        7
 Monstrous Menagerie      Summ           0%         N/A       100%        7
 Summon Horrible Things   Summ           0%         N/A       100%        8
 Dragon's Call            Summ           0%         N/A       100%        9


Dungeon Overview and Level Annotations

Branches:
Dungeon (15/15)            Temple (1/1) D:7            Lair (6/6) D:10
  Swamp (4/4) Lair:4       Spider (4/4) Lair:4        Slime (0/5) Lair:5
    Orc (2/2) D:10            Elf (0/3) Orc:2        Vaults (2/5) D:14
 Depths (0/4) D:15
  Crypt: Vaults:2-3

Altars:
Ashenzari
Cheibriados
Dithmenos
Elyvilon
Fedhas
Gozag
Hepliaklqana
Kikubaaqudgha
Makhleb
Nemelex Xobeh
Okawaru
Qazlal
Sif Muna
Trog
Uskayaw
Vehumet
Wu Jian
Xom
Yredelemnul
Zin
Beogh
Lugonu

Shops:
D:1 =   D:10 [==(=   D:14 *   Orc:2 [*(:   Vaults:1 *

Portals:
Abyss: Lair:6

Annotations:
Swamp:3 2 transporters, p0werm0de's ghost, adept VSFi
Vaults:2 Zenata


Innate Abilities, Weirdness & Mutations

You are small and have problems with some larger weapons.
You are completely attuned to the shadows.


Message History

Zenata is moderately wounded.
You feel sick.
The teleport trap disappears.
The +2 short sword of speed disappears!
The +0 halberd of freezing completely misses you.
The +1 vorpal scimitar completely misses you.
The +7 halberd of protection barely misses you.
The deep troll bites you! The deep troll closely misses you.
The deep troll completely misses you.
The deep troll bites you but does no damage.
The deep troll claws you. The deep troll claws you! The deep troll misses you.
The deep troll completely misses you.
The deep troll claws you but does no damage.
The ironbound preserver hits you with a +0 dire flail!
The +4 halberd of venom completely misses you.
Zenata gestures at you while chanting.
A blast of power from the earth and the +1 vorpal scimitar strikes you!
The +0 halberd of freezing closely misses you.
The +1 vorpal scimitar hits you!
* * * LOW HITPOINT WARNING * * *
x2 You feel better.
The +7 halberd of protection completely misses you.
The +4 halberd of venom closely misses you.
The +1 vorpal scimitar completely misses you.
The +0 halberd of freezing completely misses you.
The deep troll completely misses you. x3
Zenata points at you and mumbles some strange words.
A blast of power from the earth and the +1 vorpal scimitar strikes you!
* * * LOW HITPOINT WARNING * * *
The deep troll completely misses you. x3
The ironbound preserver completely misses you.
The deep troll completely misses you. x2; The deep troll claws you!
* * * LOW HITPOINT WARNING * * *
As you read the scroll of teleportation, it crumbles to dust.
You feel strangely unstable.
The +7 halberd of protection completely misses you.
The +4 halberd of venom completely misses you.
The +1 vorpal scimitar hits you.
* * * LOW HITPOINT WARNING * * *
x2 The +0 halberd of freezing hits you from afar!
You die...

..........#
#.........# #
#.........# #
#.........# #
........#.........# #
........#.........# #
.[(((.(.#.........# #
...Ta(..#.........# #
#'##@####.........# #
...pTT............###
.....................
#####################


You could see Zenata, an ironbound preserver, 3 deep trolls and 5 dancing
weapons.

Vanquished Creatures
  Boris (Vaults:2)
  Saint Roka (Orc:2)
  Rupert (Spider:1)
  A thorn hunter (Swamp:3)
  Kirke (Swamp:2)
  6 emperor scorpions
  3 orc warlords
  4 ghost moths
  4 ironbound preservers
  3 vault wardens (Vaults:1)
  Aizul (Vaults:2)
  5 very ugly things
  4 broodmothers
  A war gargoyle (Vaults:1)
  2 stone giants
  3 ironbound thunderhulks
  7 bunyips
  5 spark wasps
  5 entropy weavers
  4 eleionomae
  A shambling mangrove (Swamp:4)
  A crystal guardian (Vaults:1)
  An ettin (Vaults:1)
  Josephine (D:11)
  3 yaktaur captains (Vaults:2)
  2 great orbs of eyes
  16 hydras
  5 boulder beetles
  A vault guard (Vaults:1)
  3 jorogumos
  Erica (D:8)
  An ogre mage (D:13)
  A peacekeeper (Vaults:1)
  Erolcha (D:13)
  6 ghost crabs
  A spriggan air mage (Swamp:2)
  A radroach (Spider:4)
  3 centaur warriors
  5 two-headed ogres
  A death scarab (Spider:4)
  2 ironbound frosthearts (Vaults:2)
  3 catoblepae
  8 alligators
  7 death yaks
  2 thrashing horrors (Lair:6)
  2 spriggan berserkers (Swamp:2)
  A deep troll earth mage (Vaults:1)
  3 orc high priests (Orc:2)
  Sonja (Orc:2)
  5 goliath frogs
  5 skeletal warriors (D:13)
  A fire crab (shapeshifter) (D:14)
  A sun moth (Spider:4)
  2 death drakes
  3 pharaoh ants
  5 steelbarb worms
  4 spectral hydras (Swamp:4)
  13 bog bodies
  3 spriggan druids
  5 orb spiders
  4 spectral wolf spiders (Spider:4)
  6 deep trolls (Vaults:2)
  3 wizards
  A necromancer (Vaults:1)
  2 phantasmal warriors (Swamp:4)
  8 ironbound convokers
  6 swamp dragons
  6 orc knights
  4 wolf spider zombies (Spider:4)
  14 ugly things
  5 cyclopes
  A deep elf pyromancer (D:14)
  A will-o-the-wisp (Swamp:2)
  7 orc sorcerers
  18 wolf spiders
  7 manticores
  4 moths of wrath
  28 elephants
  3 vault sentinels
  2 black mambas
  2 gargoyles
  12 cane toads
  2 torpor snails
  14 yaktaurs
  3 unseen horrors
  6 rime drakes
  A yaktaur (shapeshifter) (Lair:6)
  2 kobold demonologists (D:11)
  Maggie (D:8)
  A rime drake (shapeshifter) (D:15)
  4 swamp worm zombies (Swamp:4)
  7 komodo dragons
  8 demonic crawlers
  An efreet (D:13)
  The ghost of kraktruk the Skirmisher, an amateur HOAK of Lugonu (D:4)
  2 ancient zymes (Lair:6)
  2 tengu conjurers (D:13)
  5 trolls
  4 meliai
  6 tyrant leeches
  2 bloated husks
  2 hydra zombies (Swamp:4)
  5 polar bears
  21 hornets
  3 wolf spider simulacra (Spider:4)
  An alligator zombie (Swamp:4)
  11 slime creatures
  16 blink frogs
  2 spectral swamp dragons (Swamp:4)
  18 tarantellas
  Grinder (D:3)
  A stone giant simulacrum (Vaults:1)
  2 dream sheep (D:10)
  24 culicivoras
  17 jumping spiders
  Sigmund (D:6)
  A vampire (D:14)
  An ettin skeleton (Vaults:1)
  2 ynoxinuls (Lair:6)
  A jumping spider (shapeshifter) (Lair:6)
  2 shadows
  3 wyverns
  4 water elementals (D:14)
  13 spriggans
  4 wraiths
  3 chaos spawn (Lair:6)
  A steam dragon (D:6)
  42 yaks
  A human (shapeshifter) (D:14)
  12 basilisks
  67 redbacks
  25 vampire mosquitoes
  A human simulacrum (Vaults:1)
  4 large abominations (Lair:6)
  12 swamp worms
  An acid dragon (D:13)
  A warg (Orc:1)
  15 water moccasins
  2 swamp drakes
  39 orc warriors
  A sky beast (D:5)
  5 swamp dragon zombies (Swamp:4)
  3 black bears
  8 ogres
  9 wolves
  5 centaurs
  10 phantoms
  5 kobold brigands
  11 bullfrogs
  2 necrophages (D:4)
  A water moccasin zombie (D:4)
  2 scorpions
  10 wights
  11 small abominations (Lair:6)
  7 killer bees (D:9)
  7 electric eels
  2 howler monkeys
  5 jellies
  10 hounds
  Crazy Yiuf (D:2)
  25 orc priests
  A human zombie (D:4)
  Jessica (D:3)
  Ijyb (D:3)
  3 iguanas
  A scorpion zombie (D:4)
  Natasha (thrice) (D:3)
  31 orc wizards
  4 hell rats (Lair:3)
  A spectral swamp drake (Swamp:4)
  3 mummies (D:4)
  7 adders
  A swamp drake zombie (Swamp:4)
  A shadow imp (D:7)
  A white imp (D:5)
  2 adder zombies (D:4)
  A worm (D:3)
  2 dart slugs
  93 orcs
  8 ball pythons
  8 bats
  6 endoplasms
  4 giant cockroaches
  8 hobgoblins
  21 kobolds
  6 quokkas
  2 frilled lizards
  7 goblins
  2 rats (D:1)
1160 creatures vanquished.

Vanquished Creatures (others)
  An eleionoma (Swamp:3)
  A wolf spider (Spider:1)
  A bloated husk (Swamp:4)
  4 humans (Swamp:2)
  A swamp worm (Swamp:3)
  An orc wizard (Orc:2)
  An orc (D:10)
  A kobold (D:5)
  8 foxfires (Swamp:2)
  42 fungi
  45 plants
106 creatures vanquished.

Grand Total: 1266 creatures vanquished

Notes
Turn   | Place    | Note
-------+----------+-------------------------------------------
     0 | D:1      | HoaS the Kobold Hunter began the quest for the Orb.
     0 | D:1      | Reached XP level 1. HP: 12/12 MP: 1/1
    66 | D:1      | Reached XP level 2. HP: 17/17 MP: 2/2
   126 | D:1      | Reached skill level 6 in Crossbows
   301 | D:1      | Found Agorahoid's Jewellery Boutique.
   731 | D:2      | Reached XP level 3. HP: 21/21 MP: 3/3
   984 | D:2      | Found an ornate altar of the Wu Jian Council.
  1062 | D:2      | Found a faded altar of an unknown god.
  1299 | D:2      | Found a runed translucent door.
  1302 | D:2      | Noticed Crazy Yiuf
  1392 | D:2      | Reached skill level 7 in Crossbows
  1719 | D:2      | Killed Crazy Yiuf
  1720 | D:2      | Reached XP level 4. HP: 8/26 MP: 4/4
  2266 | D:3      | Noticed Jessica
  2267 | D:3      | Killed Jessica
  2268 | D:3      | Reached skill level 8 in Crossbows
  2268 | D:3      | Reached XP level 5. HP: 30/30 MP: 5/5
  2306 | D:3      | Noticed Grinder
  2319 | D:3      | Killed Grinder
  2320 | D:3      | Reached skill level 9 in Crossbows
  2320 | D:3      | Reached XP level 6. HP: 27/35 MP: 6/6
  2350 | D:3      | Noticed Natasha
  2353 | D:3      | Noticed Ijyb
  2355 | D:3      | Killed Natasha
  2356 | D:3      | Reached skill level 10 in Crossbows
  2361 | D:3      | Paralysed by Ijyb for 7 turns
  2376 | D:3      | Paralysed by Ijyb for 2 turns
  2394 | D:3      | Killed Ijyb
  2399 | D:3      | Noticed Natasha
  2403 | D:3      | Killed Natasha
  2404 | D:3      | Reached XP level 7. HP: 11/40 MP: 7/7
  2701 | D:3      | Identified a scroll of acquirement
  2701 | D:3      | Acquired a +2 arbalest of freezing
  2820 | D:3      | Found a stormy altar of Qazlal.
  2825 | D:3      | Found a faded altar of an unknown god.
  2827 | D:3      | Found an opulent altar of Gozag.
  2828 | D:3      | Found a hazy altar of Hepliaklqana.
  2835 | D:3      | Found a shimmering altar of Xom.
  2914 | D:3      | Found a broken altar of Ashenzari.
  3074 | D:3      | Noticed Natasha
  3075 | D:3      | Killed Natasha
  3077 | D:3      | Found a sparkling altar of Nemelex Xobeh.
  3402 | D:4      | Found an iron altar of Okawaru.
  3545 | D:4      | Reached skill level 11 in Crossbows
  3642 | D:4      | Found a transporter.
  3657 | D:4      | Found a transporter.
  3658 | D:4      | Noticed kraktruk's ghost (amateur HOAK)
  3661 | D:4      | Identified the +4 giant spiked club of Joyful Slaughter
                  | {flame, rCorr Dex+3}
  3798 | D:4      | Reached XP level 8. HP: 45/45 MP: 8/8
  3831 | D:4      | Found a glowing silver altar of Zin.
  3921 | D:4      | Reached skill level 12 in Crossbows
  3939 | D:4      | Found an ancient bone altar of Kikubaaqudgha.
  4035 | D:4      | Reached skill level 13 in Crossbows
  4268 | D:5      | Entered Level 5 of the Dungeon
  4456 | D:5      | Reached skill level 14 in Crossbows
  4456 | D:5      | Reached XP level 9. HP: 49/49 MP: 9/9
  5132 | D:6      | Reached skill level 15 in Crossbows
  5379 | D:6      | Noticed Sigmund
  6813 | D:6      | Killed Sigmund
  6814 | D:6      | Reached skill level 16 in Crossbows
  6913 | D:6      | Reached skill level 1 in Armour
  7073 | D:7      | Reached XP level 10. HP: 47/58 MP: 10/10
  7383 | D:7      | Reached skill level 5 in Fighting
  7696 | D:7      | Found a staircase to the Ecumenical Temple.
  7967 | Temple   | Entered the Ecumenical Temple
  8227 | Temple   | Became a worshipper of Makhleb the Destroyer
  8683 | D:8      | Noticed Maggie
  8690 | D:8      | Killed Maggie
  8691 | D:8      | Reached skill level 5 in Dodging
  8825 | D:8      | Found a white marble altar of Elyvilon.
  9115 | D:8      | Noticed Erica
  9121 | D:8      | Killed Erica
 10243 | D:9      | You fall into a shaft and drop 2 floors!
 10250 | D:11     | Noticed a kobold demonologist
 10250 | D:11     | Noticed a kobold demonologist
 10252 | D:11     | Killed a kobold demonologist
 10252 | D:11     | Reached * piety under Makhleb
 10253 | D:11     | Reached XP level 11. HP: 69/69 MP: 11/11
 10268 | D:10     | Entered Level 10 of the Dungeon
 10471 | D:10     | Identified the +2 hand axe "Denur" {speed, rN+ rCorr MP+9
                  | Int+4}
 10515 | D:10     | Found a staircase to the Lair.
 10602 | D:10     | Found Sampelus's Jewellery Emporium.
 10607 | D:10     | Found Bingam's Jewellery Shop.
 10650 | D:10     | Found Keeblury's Weapon Emporium.
 10701 | D:10     | Found a staircase to the Orcish Mines.
 10828 | D:10     | Found Firantur's Jewellery Shoppe.
 10934 | D:10     | Reached ** piety under Makhleb
 10939 | D:10     | Noticed a three-headed hydra
 10943 | D:10     | Killed a three-headed hydra
 10944 | D:10     | Reached skill level 10 in Fighting
 10966 | D:10     | Found Bebloef's Antique Armour Shoppe.
 11181 | D:9      | Found a snail-covered altar of Cheibriados.
 11488 | Orc:1    | Entered Level 1 of the Orcish Mines
 11735 | Orc:1    | Noticed an orc warlord
 11825 | Lair:1   | Entered Level 1 of the Lair of Beasts
 12049 | Lair:1   | Noticed a four-headed hydra
 12057 | Lair:1   | Killed a four-headed hydra
 12312 | Lair:1   | Found a sparkling altar of Nemelex Xobeh.
 12884 | Lair:2   | Reached XP level 12. HP: 80/80 MP: 12/12
 12976 | Lair:2   | Reached skill level 5 in Armour
 13305 | Lair:2   | Noticed a death yak
 13306 | Lair:2   | Noticed a death yak
 13308 | Lair:2   | Noticed a death yak
 13314 | Lair:2   | Killed a death yak
 13548 | Lair:2   | Killed a death yak
 13552 | Lair:2   | Killed a death yak
 13553 | Lair:2   | Reached skill level 10 in Dodging
 13632 | Lair:2   | Noticed a boulder beetle
 13639 | Lair:2   | Killed a boulder beetle
 14282 | Lair:3   | Reached *** piety under Makhleb
 14834 | D:9      | Identified the +2 leather armour of Autumn {Slay+2}
 15260 | Lair:4   | Reached XP level 13. HP: 89/89 MP: 13/13
 15516 | Lair:4   | Found a hole to the Spider Nest.
 15553 | Lair:4   | Reached skill level 15 in Fighting
 15672 | Lair:4   | Found a staircase to the Swamp.
 15672 | Lair:4   | Noticed a five-headed hydra
 15675 | Lair:4   | Killed a five-headed hydra
 15751 | Lair:4   | Found the +9 staff of Olgreb {rPois∞}
 15926 | Lair:5   | Reached **** piety under Makhleb
 16087 | Lair:5   | Found a staircase to the Slime Pits.
 16189 | Lair:5   | Noticed a seven-headed hydra
 16193 | Lair:5   | Killed a seven-headed hydra
 16218 | Lair:5   | Reached XP level 14. HP: 79/100 MP: 14/14
 16947 | Lair:5   | Reached skill level 15 in Dodging
 17350 | Lair:6   | Entered Level 6 of the Lair of Beasts
 17913 | Lair:6   | Reached ***** piety under Makhleb
 17984 | Lair:6   | Found a corrupted altar of Lugonu.
 17986 | Lair:6   | Found a one-way gate to the infinite horrors of the Abyss.
 18466 | Lair:6   | Reached skill level 17 in Crossbows
 19157 | D:11     | Reached XP level 15. HP: 94/105 MP: 15/15
 19340 | D:11     | Noticed Josephine
 19345 | D:11     | Killed Josephine
 19440 | D:11     | Identified the +1 leather armour of the Stone Wall {rElec
                  | rN+}
 20110 | D:12     | Found a snail-covered altar of Cheibriados.
 20508 | D:10     | Killed an orc warlord
 20898 | Orc:2    | Entered Level 2 of the Orcish Mines
 20907 | Orc:2    | Noticed Sonja
 20912 | Orc:2    | Killed Sonja
 20920 | Orc:2    | Reached ****** piety under Makhleb
 20970 | Orc:2    | Noticed Saint Roka
 21223 | Orc:2    | Killed Saint Roka
 21312 | Orc:2    | Found a staircase to the Elven Halls.
 21385 | Orc:2    | Reached skill level 18 in Crossbows
 21423 | Orc:2    | Paralysed by an orc sorcerer for 4 turns
 21853 | Orc:2    | Noticed an orc warlord
 21862 | Orc:2    | Killed an orc warlord
 22263 | Orc:2    | Found Ywakhluc's Antique Armour Emporium.
 22263 | Orc:2    | Found Toajuv's Antique Weapon Emporium.
 22267 | Orc:2    | Bought a pair of gloves for 112 gold pieces
 22277 | Orc:2    | Found Laishry's General Store.
 22278 | Orc:2    | Found Gillis's Book Shoppe.
 22282 | Orc:2    | Bought a potion of curing for 45 gold pieces
 22561 | D:13     | Noticed Erolcha
 22562 | D:13     | Killed Erolcha
 22567 | D:13     | Reached XP level 16. HP: 114/114 MP: 16/16
 23107 | D:13     | Paralysed by an ogre mage for 7 turns
 23115 | D:13     | Reached skill level 19 in Crossbows
 23845 | D:14     | Found Ygiulu's General Store.
 23870 | D:14     | Bought a ring of see invisible for 195 gold pieces
 23870 | D:14     | Bought a scroll of teleportation for 39 gold pieces
 23908 | D:14     | Found a gate to the Vaults.
 24730 | D:15     | Entered Level 15 of the Dungeon
 25673 | D:15     | Found a basalt altar of Yredelemnul.
 25867 | D:15     | Found a staircase to the Depths.
 26005 | D:15     | Found an ornate altar of the Wu Jian Council.
 26433 | Spider:1 | Entered Level 1 of the Spider Nest
 26954 | Spider:1 | Reached skill level 20 in Crossbows
 27306 | Spider:1 | Reached XP level 17. HP: 122/122 MP: 17/17
 27326 | Spider:1 | Noticed Rupert
 27335 | Spider:1 | Killed Rupert
 29107 | Spider:3 | Got Jytripes's Tome of the Cloudy Blaze
 30978 | D:1      | Bought the ring "Kaus" {rElec Will- AC+4 Str+4 Slay+5} for
                  | 752 gold pieces
 30983 | D:1      | Bought a +6 ring of dexterity for 585 gold pieces
 31260 | D:10     | Bought a ring of willpower for 275 gold pieces
 31625 | Swamp:1  | Entered Level 1 of the Swamp
 32355 | Swamp:1  | Reached XP level 18. HP: 121/129 MP: 18/18
 32438 | Swamp:2  | Noticed Kirke
 32443 | Swamp:2  | Killed Kirke
 32681 | Swamp:2  | Found an ancient bone altar of Kikubaaqudgha.
 32878 | Swamp:2  | Reached skill level 5 in Stealth
 33200 | Swamp:3  | Found a transporter.
 33275 | Swamp:3  | HP: 2/129 [spectral alligator snapping turtle[a ghost crab]
                  | (13)]
 33639 | Swamp:3  | Reached skill level 21 in Crossbows
 33780 | Swamp:3  | Found a transporter.
 34427 | Swamp:3  | Noticed p0werm0de's ghost (adept VSFi)
 34539 | Spider:4 | Entered Level 4 of the Spider Nest
 34737 | Orc:2    | Bought a runed triple crossbow for 377 gold pieces
 35257 | Spider:4 | Reached skill level 22 in Crossbows
 35482 | Spider:4 | Reached XP level 19. HP: 36/136 MP: 19/19
 36213 | Spider:4 | Reached skill level 23 in Crossbows
 36647 | Spider:4 | Got a gossamer rune of Zot
 37286 | Swamp:4  | Entered Level 4 of the Swamp
 37595 | D:4      | Killed kraktruk's ghost
 37596 | D:4      | Reached skill level 24 in Crossbows
 38741 | Swamp:4  | Reached skill level 25 in Crossbows
 38799 | Swamp:4  | Noticed a bone dragon
 39210 | Swamp:4  | Got a decaying rune of Zot
 39824 | Vaults:1 | Entered Level 1 of the Vaults
 40398 | Vaults:1 | Reached XP level 20. HP: 142/142 MP: 20/20
 40721 | Vaults:1 | Reached skill level 26 in Crossbows
 40805 | Vaults:1 | Found Bukkiqec's General Store.
 40810 | Vaults:1 | Bought a potion of might for 44 gold pieces
 41929 | Vaults:2 | Noticed Boris
 41937 | Vaults:2 | Killed Boris
 42031 | Vaults:2 | Noticed Aizul
 42040 | Vaults:2 | Killed Aizul
 42239 | Vaults:2 | Noticed Zenata
 42250 | Vaults:2 | HP: 7/144 [deep troll[an ironbound preserver] (8)]
 42251 | Vaults:2 | HP: 3/144 [+1 vorpal scimitar[Zenata] (4)]
 42251 | Vaults:2 | Mangled by a +0 halberd of freezing

Illustrated notes

Levels and vault maps discovered:
D:1:      amcnicky_arrival_double_pillar, layout_basic, serial_shops,
          nicolae_shop_advertising_works [nicolae_subvault_shop_adworks],
          amcnicky_mini_rare_corridor_liquid
D:2:      layout_basic, basic_altar, hellmonk_ecumenical_altar_heavens_door,
          grunt_ministairs_2, minivault_5, uniq_crazy_yiuf_cottage
D:3:      layout_basic, lemuel_round_altar, nicolae_overflow_hidden_temple,
          mainiacjoe_overflow_surrounded_room,
          chequers_temple_overflow_minitemple, kennysheep_pointless_box,
          uniq_jessica, uniq_grinder, uniq_natasha, uniq_ijyb
D:4:      layout_basic, zin_academy, lemuel_mausoleum_altar_kikubaaqudgha,
          okawaru_gym_becter, gammafunk_ghost_smash, chequers_arboretum
D:5:      layout_loops_ring, nrook_pool_corridor
D:6:      layout_rooms, wad_floor_pattern_untrapped, uniq_sigmund
D:7:      layout_basic, minmay_temple_entry_fiery, roderic_roman_lattice
D:8:      layout_basic, mainiacjoe_overflow_boulevard, minmay_stone_trees_small,
          hangedman_abyss_or_decor_clamps, uniq_maggie, uniq_erica
D:9:      layout_gridville, kennysheep_little_box
D:10:     layout_loops_ring, erik_lair_island, minmay_orc_entry_temple_small,
          serial_shops, nicolae_take_the_stairs, shop, nicolae_shop_trees,
          nicolae_shop_trees, nicolae_shop_bloodbath_and_beyond, hangedman_ranch
D:11:     layout_roguey, uniq_josephine
D:12:     layout_roguey, serial_glass, glass_columns_c, glass_columns_a,
          minmay_strange_pillars, item_on_display_a, unseen_surprise_small,
          minmay_strange_pillars, kennysheep_slug_shrine
D:13:     layout_rooms, minmay_shattered_shrine, uniq_erolcha
D:14:     layout_long_grid, skrybe_vaults_entry_preservation, serial_bayou,
          serial_bayou_shore_a, serial_bayou_pond_d, serial_bayou_lagoon_b,
          serial_bayou_shore_b, serial_bayou_pond_c, serial_shops,
          nicolae_stop_n_shop_1
D:15:     grunt_enter_depths_giant_problem, layout_layer_cave,
          nicolae_wu_jian_immortal_techniques, yredelemnul_altar_generic
Temple:   jpeg_temple_island
Lair:1:   layout_cave_shapes, basic_altar
Lair:2:   layout_cave_shapes, st_stairs_4, nzn_sisyphean_effort,
          infiniplex_staircase_pool
Lair:3:   layout_cave_pods, grunt_megastairs_3
Lair:4:   layout_concentric_octagons, swamp_mist_pool,
          spider_nest_entry_web_field, serial_bayou_shore_b,
          infiniplex_staircase_pool_2
Lair:5:   layout_roguey, slime_dummy
Lair:6:   hellmonk_lair_end_abyssal_woods, layout_regular_city,
          lemuel_fruit_fields
Swamp:1:  layout_basic_swamp, hangedman_swamp_pad, swamp_pool1
Swamp:2:  layout_falls_marsh, nicolae_swamp_decorative_isthmus, swamp_pool3,
          grunt_ruined_hall, uniq_kirke
Swamp:3:  layout_falls_marsh, gammafunk_ghost_berserking_beasts,
          serial_swamp_ruin, evilmike_swamp_ruin_house_4,
          evilmike_swamp_ruin_rubble_1, evilmike_swamp_ruin_rubble_2
Swamp:4:  swamp_pestilence, layout_basic_swamp, swamp_pool1
Spider:1: layout_cave_pods, uniq_rupert
Spider:2: layout_spider_delve, drop_trap, hangedman_spider_tarantella_strand
Spider:3: layout_chambers, nicolae_spider_circle_web, guppyfry_spider_mini_2
Spider:4: spider_rune_water, nicolae_spider_undead_wolf_pack
Orc:1:    layout_caves, nicolae_orc_stony_grotto
Orc:2:    st_orc_congregation, layout_diamond_mine, uniq_saint_roka, uniq_sonja
Vaults:1: vaults_room_pool, nicolae_vaults_big_angled_halls,
          ontoclasm_vaults_shout, hangedman_vaults_hat,
          nicolae_vaults_three_branches, ontoclasm_vaults_shuriken,
          ontoclasm_vaults_gateway, v_misc_8, hangedman_vaults_stagger,
          hangedman_vaults_trim, vaults_dpeg_hooks, vaults_room_fours,
          grunt_vaults_focal, v_misc_27, layout_vaults_big_room, serial_shops,
          shop
Vaults:2: grunt_vaults_bifocal, nicolae_vaults_little_squares_3,
          vaults_dpeg_cross, nicolae_vaults_circle_grid_b, vaults_room_pool,
          nicolae_vaults_rhombus_5, nicolae_vaults_yaktaur_gun_rack,
          nicolae_vaults_shelves_hall, layout_vaults_quadrants, uniq_margery,
          uniq_zenata, uniq_boris, uniq_aizul

Skill      XL: |  1  2  3  4  5  6  7  8  9 10 11 12 13 14 15 16 17 18 19 20 |
---------------+-------------------------------------------------------------+-----
Crossbows      | 6 7 8 9 10 11 14 16 17 18 20 22 25 26 | 26.0
Stealth        | 3 5 |  5.0
Fighting       | 4 8 11 13 16 17 19 20 21 | 21.2
Armour         | 1 3 4 5 6 9 |  9.0
Dodging        | 3 6 8 11 14 16 17 18 20 21 | 21.4

Action                   |  1- 3 |  4- 6 |  7- 9 | 10-12 | 13-15 | 16-18 | 19-21 || total
-------------------------+-------+-------+-------+-------+-------+-------+-------++-------
Melee: Unarmed           |       |       |       |       |       |     4 |       ||     4
       Arbalest          |       |       |       |       |       |     3 |       ||     3
       Punch             |       |       |       |       |       |     1 |       ||     1
       Triple crossbow   |       |       |       |       |       |       |     1 ||     1
 Fire: Hand crossbow     |    72 |    97 |     5 |       |       |       |       ||   174
       Arbalest          |       |       |   187 |   383 |   779 |   817 |       ||  2166
       Triple crossbow   |       |       |       |       |       |    91 |   527 ||   618
Throw: Throwing net      |       |       |       |       |       |     1 |       ||     1
  Use: Scroll            |     5 |     2 |    11 |     9 |    10 |    12 |     8 ||    57
       Potion            |       |     1 |       |     3 |     9 |    10 |     7 ||    30
Armor: Leather armour    |     5 |    14 |    26 |       |       |       |       ||    45
       Steam dragon scal |       |       |       |    23 |    74 |    91 |    65 ||   253
Dodge: Dodged            |    20 |    28 |    71 |   139 |   596 |  1251 |   801 ||  2906

Table legend: (Time is in decaauts)
 A = Elapsed time spent in this place.
 B = Non-inter-level travel time spent in this place.
 C = Inter-level travel time spent in this place.
 D = Time resting spent in this place.
 E = Time spent auto-exploring this place.
 F = Levels seen in this place.
 G = Mean time per level.
                   A        B        C        D        E       F      G
               +--------+--------+--------+--------+--------+-----+--------+
         Total |  42783 |  38418 |   4365 |  10541 |  22443 |  34 | 1258.3 |
       Dungeon |  18730 |  16390 |   2340 |   3562 |  10826 |  15 | 1248.7 |
        Temple |    326 |    284 |     42 |      0 |    277 |   1 |  326.0 |
          Lair |   7548 |   6478 |   1070 |   1378 |   4169 |   6 | 1258.0 |
         Swamp |   4984 |   4574 |    410 |   1858 |   1953 |   4 | 1246.0 |
   Spider Nest |   6647 |   6336 |    311 |   2502 |   2931 |   4 | 1661.8 |
  Orcish Mines |   2120 |   1959 |    161 |    704 |    749 |   2 | 1060.0 |
        Vaults |   2425 |   2397 |     28 |    536 |   1536 |   2 | 1212.5 |
               +--------+--------+--------+--------+--------+-----+--------+

Top non-repeatable levels by time:
Spider:3: 2301 daAuts
     D:5: 2271 daAuts
    D:10: 1925 daAuts
 Swamp:4: 1767 daAuts
Spider:4: 1736 daAuts
Spider:1: 1712 daAuts
    D:14: 1680 daAuts
  Lair:2: 1616 daAuts
    D:15: 1541 daAuts
  Lair:5: 1526 daAuts
  Lair:6: 1452 daAuts
Vaults:1: 1399 daAuts
 Swamp:3: 1377 daAuts
     D:7: 1337 daAuts
   Orc:2: 1332 daAuts
